 Dungeon Crawl Stone Soup version 0.18-a0-1507-g69458e0 (webtiles) character file.

196 SlimeFever the Magician (level 5, -1/37 HPs)
             Began as a Demonspawn Wizard on Mar 5, 2016.
             Slain by a river rat (6 damage)
             ... on level 3 of the Dungeon.
             The game lasted 00:18:27 (2352 turns).

SlimeFever the Magician (Demonspawn Wizard)         Turns: 2352, Time: 00:18:30

Health: -1/37      AC:  2    Str:  7    XL:     5   Next: 45%
Magic:  5/11       EV: 13    Int: 19    God:
Gold:   96         SH:  0    Dex: 13    Spells: 3 memorised, 7 levels left

rFire  . . .     SeeInvis .     a - +0 short sword
rCold  . . .     Gourm    .     p - +0 robe
rNeg   . . .     Faith    .     (no shield)
rPois  .         Spirit   .     b - +0 hat
rElec  .         Dismiss  .     (no cloak)
rCorr  .         Reflect  .     (no gloves)
SustAt .         Harm     .     (no boots)
MR     .....                    (no amulet)
Stlth  ++........               (no ring)
                                (no ring)

@: not resistant to hostile enchantments, unstealthy
A: talons 2
a: no special abilities


You were on level 3 of the Dungeon.
You were hungry.

You visited 1 branch of the dungeon, and saw 3 of its levels.

You collected 96 gold pieces.

Inventory:

Hand Weapons
 a - a +0 short sword (weapon)
Missiles
 f - 13 poisoned needles
 j - a throwing net (quivered)
 m - 40 arrows
Armour
 b - a +0 hat (worn)
 p - a +0 robe (worn)
Wands
 e - a wand of iceblast (12/15)
Scrolls
 k - a scroll of teleportation {unknown}
Potions
 g - a potion of curing
 h - a potion of ambrosia {unknown}
 n - a potion of brilliance
Books
 c - a book of Minor Magic

   Spells                             Type                      Level
   a - Magic Dart                     Conjuration                  1
   b - Blink                          Translocation                2
   c - Call Imp                       Summoning                    2
   d - Repel Missiles                 Charms/Air                   2
   e - Slow                           Hexes                        2
   f - Conjure Flame                  Conjuration/Fire             3
   g - Mephitic Cloud                 Conjuration/Poison/Air       3
Comestibles
 d - 3 bread rations
 i - a slice of pizza
 l - a beef jerky


   Skills:
 + Level 1.2 Fighting
 + Level 0.8 Short Blades
 + Level 2.9 Dodging
 + Level 2.1 Stealth
 + Level 4.0 Spellcasting
 + Level 2.4 Conjurations
 + Level 1.8 Summonings
 + Level 0.8 Translocations


You had 7 spell levels left.
You knew the following spells:

 Your Spells              Type           Power        Failure   Level  Hunger
a - Magic Dart            Conj           ##..         8%          1    None
b - Blink                 Tloc           N/A          17%         2    ##.....
c - Call Imp              Summ           ##......     12%         2    ##.....


Dungeon Overview and Level Annotations

Branches:
Dungeon (3/15)

Altars:
Kikubaaqudgha

Portals:
Sewer: D:3


Innate Abilities, Weirdness & Mutations

You have razor-sharp toenails.


Message History

Your crimson imp closely misses the river rat.
The river rat bites you.
* * * LOW HITPOINT WARNING * * *
The worm bites your crimson imp.
You feel better. The rat barely misses your crimson imp.
Your crimson imp hits the river rat.
The river rat bites you.
* * * LOW HITPOINT WARNING * * *
You hit the river rat but do no damage.
The river rat is almost dead.
The rat closely misses your crimson imp.
Your crimson imp hits the river rat but does no damage.
The worm bites your crimson imp.
The worm splashes around in the water.
The river rat bites your crimson imp.
You barely miss the river rat.
You claw the river rat, but do no damage.
The river rat is almost dead.
The rat splashes around in the water.
Your crimson imp hits the river rat but does no damage.
The river rat bites you.
You die...

#....#######.#
####.# #.# #.#
#.# ###.### #.#
#.....## #.#
###.#.#..####.#
..............#
###..#.######.#
#.....#≈≈≈≈#@#
#.#...#≈≈≈w#r#
# ##..#≈≈∩r5s#
#..#≈≈≈w#!#
#..#≈≈≈≈#.#
#..######.. ...
... ####


You could see 2 worms, a river rat, a giant cockroach, a rat and a friendly
crimson imp.

Vanquished Creatures
  2 adders
  3 oozes
  2 worms
  3 dart slugs
  A giant gecko (D:2)
  An orc (D:3)
  4 bat zombies (D:2)
  4 giant cockroaches
  8 goblins
  4 hobgoblins
  6 jackals
  5 kobolds
  A ball python (D:2)
  5 bats
  2 giant newts
  7 rats
  2 rat zombies (D:2)
60 creatures vanquished.

Vanquished Creatures (collateral kills)
  Sigmund (D:2)
  2 adders
  A giant gecko (D:2)
  A hobgoblin (D:3)
  A jackal (D:3)
6 creatures vanquished.

Grand Total: 66 creatures vanquished

Notes
Turn   | Place    | Note
--------------------------------------------------------------
     0 | D:1      | SlimeFever the Demonspawn Wizard began the quest for the Orb.
     0 | D:1      | Reached XP level 1. HP: 13/13 MP: 4/4
   298 | D:1      | Gained mutation: You have sharp toenails. [demonic ancestry]
   298 | D:1      | Reached XP level 2. HP: 4/19 MP: 1/6
   682 | D:1      | Learned a level 2 spell: Blink
   875 | D:1      | Reached XP level 3. HP: 22/24 MP: 5/8
  1462 | D:2      | Found an ancient bone altar of Kikubaaqudgha.
  1608 | D:2      | Gained mutation: You have razor-sharp toenails. [demonic ancestry]
  1608 | D:2      | Reached XP level 4. HP: 21/31 MP: 4/9
  1615 | D:2      | Learned a level 2 spell: Call Imp
  1738 | D:2      | Noticed Sigmund
  1752 | D:2      | Killed Sigmund
  1752 | D:2      | Reached skill level 1 in Fighting
  1752 | D:2      | Reached XP level 5. HP: 34/37 MP: 8/10
  2292 | D:3      | Reached skill level 4 in Spellcasting
  2307 | D:3      | Found a glowing drain.
  2352 | D:3      | Slain by a river rat

Vault maps used:
D:1:      minmay_arrival_four_loops, corexii_leaking_fountain
D:2:      lemuel_zombie_altar_kikubaaqudgha, first_bread,
          nicolae_underground_beach, uniq_sigmund
D:3:      nemelex_deck, portal_sewer_entry_c, uniq_grinder

Skill      XL: |  1  2  3  4  5 |
---------------+----------------+-----
Dodging        | 2 |  2.9
Conjurations   | 2 |  2.4
Fighting       | 1 |  1.2
Stealth        | 2 |  2.1
Spellcasting   | 4 |  4.0
Short Blades   | |  0.8
Summonings     | |  1.8
Translocations | |  0.8

Action                   |  1- 3 |  4- 6 || total
-------------------------+-------+-------++-------
Melee: Unarmed           |    13 |       ||    13
       Club              |    32 |       ||    32
       Short sword       |    66 |    40 ||   106
 Cast: Magic Dart        |    73 |    26 ||    99
       Call Imp          |       |     9 ||     9
  Use: Scroll            |     2 |     5 ||     7
       Potion            |       |     1 ||     1
 Stab: Sleeping          |     1 |     1 ||     2
       Distracted        |       |     1 ||     1
  Eat: Fruit             |     3 |     2 ||     5
